AoeStats
← Red Leader

Arabia

503681259Analyzed
3v3 RM · 1mo ago on Sep 1, 2026· 48m 23s· 6 players
Game mode
Random Map
Map size
Normal (6 player)
Population
200
Speed
Normal
Resources
Standard
Victory
Conquest
Starting age
Dark Age
Ending age
Imperial Age
RankedLock teamsTeams togetherTeam positionsShared explorationLock speedFull tech treeHidden civsTurbo modeCheats
Victory
Defeat
🇩🇪 Cumans · Germany
890
+12
🇩🇪 Mongols · Germany
843
+14
🇩🇪 Bulgarians · Germany
803
+16
🇦🇷 Ethiopians · Argentina
861
-17
🇦🇷 Berbers · Argentina
811
-14
🇩🇪 Ethiopians · Germany
730
-12
Smooth Operator-
9:12 Loom
12:47 Feudal Age
16:07 Horse Collar
16:16 Double-Bit Axe
20:30 Castle Age
23:41 Crossbowman
25:10 Forging
24:50 Fletching
46:04 Thumb Ring
hamer722
10:52 Loom
12:53 Feudal Age
14:11 Double-Bit Axe
14:08 Horse Collar
16:51 Wheelbarrow
21:06 Castle Age
26:37 Bloodlines
26:28 Husbandry
27:40 Scale Barding Armor
27:45 Forging
30:24 Gold Mining
31:19 Chain Barding Armor
42:07 Imperial Age
40:33 Hand Cart
40:04 Town Watch
41:55 Iron Casting
42:46 Cavalier
47:09 Plate Barding Armor
47:35 Blast Furnace
mikael_f86
7:58 Loom
11:34 Feudal Age
12:09 Double-Bit Axe
12:09 Horse Collar
14:16 Wheelbarrow
16:12 Town Watch
34:41 Castle Age
43:28 Bow Saw
Red Leader
5:38 Loom
10:40 Feudal Age
11:39 Double-Bit Axe
20:23 Horse Collar
22:07 Gold Mining
25:57 Castle Age
25:11 Bloodlines
25:28 Stone Mining
27:03 Heavy Plow
28:12 Scale Barding Armor
29:10 Wheelbarrow
30:11 Forging
30:21 Chain Barding Armor
30:26 Capped Ram
32:09 Bow Saw
33:09 Iron Casting
36:25 Light Cavalry
41:17 Imperial Age
39:53 Hand Cart
41:29 Elite Steppe Lancer
41:30 Hussar
43:04 Crop Rotation
43:49 Conscription
43:53 Scale Mail Armor
44:54 Blast Furnace
44:32 Plate Barding Armor
45:20 Town Watch
46:26 Caravan
47:08 Town Patrol
bjoern4tel
10:30 Feudal Age
13:54 Scale Barding Armor
13:52 Scale Mail Armor
17:42 Forging
19:18 Double-Bit Axe
22:38 Castle Age
28:58 Bow Saw
28:29 Horse Collar
29:24 Chain Mail Armor
34:13 Gambesons
36:14 Iron Casting
38:31 Pikeman
39:17 Squires
40:33 Wheelbarrow
42:41 Imperial Age
42:29 Heavy Plow
44:20 Hand Cart
44:54 Conscription
45:35 Plate Mail Armor
46:06 Blast Furnace
47:22 Scale Barding Armor
47:24 Halberdier
zaxolinchen
9:40 Feudal Age
10:08 Double-Bit Axe
10:06 Horse Collar
11:41 Bloodlines
15:49 Forging
20:09 Gold Mining
22:41 Castle Age
20:34 Loom
21:26 Wheelbarrow
23:52 Bow Saw
24:22 Iron Casting
23:53 Scale Barding Armor
23:55 Husbandry
24:08 Heavy Plow
23:32 Pikeman
26:31 Hand Cart
31:07 Elite Skirmisher
34:23 Scale Mail Armor
37:50 Imperial Age
42:44 Ballistics
43:24 Chemistry
43:15 Fletching
43:25 Padded Archer Armor
48:48 Bodkin Arrow
49:09 Leather Archer Armor
Connection lost

Rejoining the realm…

Still unreachable

The connection could not be restored.

Session expired

The server has moved on; the page needs a fresh start.